 Dungeon Crawl Stone Soup version 0.28-a0-390-gb254ac4902 (webtiles) character file.

Game seed: 469665700143894364

366 SkeletonJelly the Cudgeller (level 6, -3/62 HPs)
             Began as an Ogre Chaos Knight on Sept 3, 2021.
             Was a Plaything of Xom.
             Succumbed to a cane toad's poison
             ... on level 3 of the Dungeon.
             The game lasted 00:06:45 (3708 turns).

SkeletonJelly the Cudgeller (Ogre Chaos Knight)     Turns: 3708, Time: 00:06:45

Health: -3/62      AC:  5    Str: 19    XL:     6   Next: 68%
Magic:  6/6        EV:  9    Int: 13    God:    Xom [......]
Gold:   161        SH:  0    Dex:  8    Spells: 5/5 levels left

rFire   . . .      SeeInvis .   a - +0 mace (chaos)
rCold   . . .      Faith    .   (no shield)
rNeg    . . .      Spirit   .   b - +2 robe
rPois   .          Reflect  .   (helmet restricted)
rElec   .          Harm     .   (no cloak)
rCorr   .          Rampage  .   (gloves unavailable)
Will    .....                   (boots unavailable)
Stlth   +.........              (no amulet)
HPRegen 0.20/turn               (no ring)
MPRegen 0.10/turn               (no ring)

@: lethally poisoned (-3 -> -32)
A: large, unfitting armour, tough skin 1
a: Renounce Religion


You were on level 3 of the Dungeon.
You worshipped Xom.
You were a very special plaything of Xom.
You visited 1 branch of the dungeon, and saw 3 of its levels.

You collected 161 gold pieces.

Inventory:

Hand Weapons
 a - a +0 mace of chaos (weapon)
 c - a +3 whip
 m - a +0 flail
Armour
 b - a +2 robe (worn)
 g - a +0 kite shield
Scrolls
 f - 3 scrolls of identify


   Skills:
 - Level 4.0 Fighting
 + Level 6.6 Maces & Flails
 - Level 2.1 Dodging


You had 5 spell levels left.
You didn't know any spells.
Your spell library was empty.

Dungeon Overview and Level Annotations

Branches:
Dungeon (3/15)

Altars:


Innate Abilities, Weirdness & Mutations

You are too large for most types of armour.
You have tough skin. (AC +1)


Message History

You kill the ball python!
No target in view!
No target in view!
No target in view!
No target in view!
No target in view!
Grinder is nearby!
Grinder is nearby!
Grinder is nearby!
Grinder is nearby!
Grinder is nearby!
You aren't carrying any potions.
Okay, then.
Grinder says, "At least Makhleb appreciates what I'm doing."
As you read the scroll of holy word, it crumbles to dust.
You speak a Word of immense power!
Grinder convulses!
You barely miss Grinder.
Grinder is heavily wounded.
Grinder is lost in a daze.
You closely miss Grinder.
Grinder is heavily wounded.
Grinder gestures at you. Pain shoots through your body!
You take 9 damage, and have 45/54 hp.
You hit Grinder. You burn Grinder.
Grinder is severely wounded.
Grinder barely misses you.
You hit Grinder.
Grinder is severely wounded.
Grinder is lost in a daze.
You hit Grinder.
Grinder is almost dead.
Grinder hits you!
You writhe in agony.
You take 10 damage, and have 36/54 hp.
You sock Grinder!
You kill Grinder!
Your Maces & Flails skill increases to level 6!
You have reached level 6!
Your experience leads to an increase in your attributes!
Increase (S)trength, (I)ntelligence, or (D)exterity?
You feel stronger. x2
You regained 5 hp, and now have 41/62 hp.
MP restored: 6 Key pressed, stopping explore.
You now have 161 gold pieces (gained 8).
Key pressed, stopping explore.
Found a chain mail.
Health restored: 62 You see here a +0 chain mail.
An adder comes into view.
The adder hisses angrily.
An adder is nearby!
An adder is nearby!
The adder bites you but does no damage.
You hit the adder.
The adder seems to slow down.
The adder is moderately wounded.
You barely miss the adder.
The adder is moderately wounded.
The adder bites you but does no damage.
You hit the adder.
The adder seems to slow down.
You freeze the adder.
The adder is severely wounded.
The adder bites you but does no damage.
You barely miss the adder.
The adder is severely wounded.
Xom's power touches on a nearby monster.
The adder changes into a shapeshifter!
You are now a very special plaything of Xom.
The shapeshifter changes into a cane toad!
You hit the cane toad. You burn the cane toad.
The cane toad is lightly wounded.
The cane toad stings you.
You are poisoned.
The cane toad poisons you!
You take 6 damage, and have 56/62 hp.
You closely miss the cane toad.
The cane toad is lightly wounded.
You feel very sick. The cane toad closely misses you.
You take 6 damage, and have 50/62 hp.
You hit the cane toad but do no damage.
The cane toad is lightly wounded.
You feel very sick. The cane toad stings you.
You take 7 damage, and have 43/62 hp.
You hit the cane toad. You burn the cane toad.
The cane toad is lightly wounded.
You feel very sick. The cane toad stings you!
You are lethally poisoned!
The cane toad poisons you!
You take 13 damage, and have 30/62 hp.
MASSIVE DAMAGE!!
You are too injured to fight recklessly!
There is a lethal amount of poison in your body!
You aren't carrying any potions.
You feel extremely sick. The cane toad stings you!!
* * * LOW HITPOINT WARNING * * *
You take 26 damage, and have 4/62 hp.
MASSIVE DAMAGE!!
You die...
Xom bursts into laughter!

##.### ##...##
#...# #....# ##+#
#.### #..#.# #^#
#.# #..#.# #.# #.#
#..#.# ##.#########
#.# #..#.#
######...........
..# #..#.#
#........F# ###
#....####.###....##
##.....[......#@##
########.#.#.#.#
#.......# #.###.#.#
#.. ..#.# #######.#
#.# #.# ##### #.#


You could see a cane toad shaped shifter.

Vanquished Creatures
  Grinder (D:3)
  Jessica (D:2)
  Terence (D:3)
  Robin (D:2)
  4 adders
  A worm (D:3)
  3 dart slugs
  6 bats
  3 endoplasms
  2 giant cockroaches (D:3)
  14 goblins
  5 hobgoblins
  2 jackals (D:1)
  A quokka (D:3)
  7 ball pythons
  2 frilled lizards (D:2)
  5 kobolds
  6 rats
65 creatures vanquished.

Notes
Turn   | Place    | Note
-------+----------+-------------------------------------------
     0 | D:1      | SkeletonJelly the Ogre Chaos Knight began the quest for the
                  | Orb.
     0 | D:1      | Reached XP level 1. HP: 24/24 MP: 1/1
   102 | D:1      | XOM: divination: detect creatures
   139 | D:1      | XOM is BORED!
   235 | D:1      | Reached skill level 3 in Maces & Flails
   549 | D:1      | Reached XP level 2. HP: 28/32 MP: 2/2
  1081 | D:2      | Noticed Jessica
  1236 | D:2      | Killed Jessica
  1237 | D:2      | Reached skill level 4 in Maces & Flails
  1237 | D:2      | Reached XP level 3. HP: 32/39 MP: 3/3
  1385 | D:2      | Reached XP level 4. HP: 42/48 MP: 4/4
  1692 | D:2      | Noticed Robin
  2208 | D:2      | Killed Robin
  2209 | D:2      | Reached skill level 5 in Maces & Flails
  2218 | D:2      | Reached XP level 5. HP: 32/54 MP: 5/5
  2563 | D:3      | Noticed Terence
  2585 | D:3      | Killed Terence
  2892 | D:3      | Found a glowing drain.
  2956 | D:3      | XOM: summons 3 hostile demons
  3156 | D:3      | XOM: summons 3 hostile demons
  3536 | D:3      | Found a faded altar of an unknown god.
  3537 | D:3      | Noticed Grinder
  3550 | D:3      | Killed Grinder
  3551 | D:3      | Reached skill level 6 in Maces & Flails
  3551 | D:3      | Reached XP level 6. HP: 41/62 MP: 6/6
  3702 | D:3      | Noticed a shapeshifter
  3702 | D:3      | an adder changed into a shapeshifter
  3702 | D:3      | XOM: polymorph adder -> shapeshifter
  3702 | D:3      | Noticed a cane toad
  3702 | D:3      | a shapeshifter changed into a cane toad
  3708 | D:3      | Succumbed to a cane toad's poison

Illustrated notes

Levels and vault maps discovered:
D:1:      dpeg_arrival_castle, layout_loops_corners,
          chequers_serial_rivers_room_a
D:2:      layout_rooms, uniq_jessica, uniq_robin
D:3:      layout_loops_corners, chequers_ecumenical_altar_simple_redux,
          portal_sewer_entry_f, st_stairs_7, uniq_grinder, uniq_terence

Skill      XL: |  1  2  3  4  5 |
---------------+----------------+-----
Maces & Flails | 3 4 5 6 |  6.6
Fighting       | |  4.0
Dodging        | |  2.1

Action                   |  1- 3 |  4- 6 || total
-------------------------+-------+-------++-------
Melee: Mace              |    65 |   194 ||   259
  Use: Scroll            |       |     6 ||     6
       Potion            |       |     2 ||     2
 Stab: Petrified         |       |     1 ||     1
       Paralysed         |       |     1 ||     1
Armor: Robe              |    35 |   110 ||   145
Dodge: Dodged            |    32 |   118 ||   150

Table legend: (Time is in decaauts)
 A = Elapsed time spent in this place.
 B = Non-inter-level travel time spent in this place.
 C = Inter-level travel time spent in this place.
 D = Time resting spent in this place.
 E = Time spent auto-exploring this place.
 F = Levels seen in this place.
 G = Mean time per level.
                   A        B        C        D        E       F      G
               +--------+--------+--------+--------+--------+-----+--------+
         Total |   3767 |   3607 |    160 |    246 |   2624 |   3 | 1255.7 |
       Dungeon |   3767 |   3607 |    160 |    246 |   2624 |   3 | 1255.7 |
               +--------+--------+--------+--------+--------+-----+--------+

Top non-repeatable levels by time:
     D:1: 1675 daAuts
     D:3: 1167 daAuts
     D:2: 925 daAuts
